[Event "Ladder 1 U1400"]
[Site "Gatineau CAN"]
[Date "2021.11.16"]
[Round "1"]
[White "Simard, Francois"]
[Black "Lefebvre, Alain"]
[Result "1-0"]
[ECO "B01"]
[WhiteElo "866"]
[BlackElo "950"]
[PlyCount "61"]
[EventDate "2021.11.16"]
[EventType "swiss"]
[EventRounds "5"]
[EventCountry "CAN"]
[TimeControl "3600+30"]

1. e4 d5 2. exd5 Qxd5 3. Nc3 Qe6+ 4. Be2 Nc6 5. Nf3 Qg6 6. Nh4 Qg5 7. Nf3 Qxg2
8. Rf1 Bg4 9. Rg1 Qh3 10. d3 Bxf3 11. Bxf3 Qxh2 12. Rh1 Qe5+ 13. Be3 O-O-O 14.
Rh5 f5 15. Rxf5 Qxf5 16. Bg4 Qd7 17. Bxd7+ Rxd7 18. Qf3 Nf6 19. O-O-O Nd4 20.
Bxd4 Rxd4 21. Nb5 Ra4 22. Qg3 Nd5 23. c4 a6 24. cxd5 axb5 25. Kb1 Rd4 26. Rc1
c5 27. Rxc5+ Kd7 28. Qc7+ Ke8 29. Qc8+ Kf7 30. Qe6+ Ke8 31. Rc8# 1-0